 Dungeon Crawl Stone Soup version 0.22-a0-159-g7ce444fdad (webtiles) character file.

2 ciphuk the Charlatan (level 1, 0/9 HPs)
             Began as a Spriggan Artificer on Feb 10, 2018.
             Slain by a rat (2 damage)
             ... on level 1 of the Dungeon.
             The game lasted 00:00:26 (415 turns).

ciphuk the Charlatan (Spriggan Artificer)            Turns: 415, Time: 00:00:27

Health: 0/9        AC:  2    Str:  8    XL:     1   Next: 25%
Magic:  4/4        EV: 18    Int: 12    God:
Gold:   21         SH:  0    Dex: 16    Spells: 0/0 levels left

rFire    . . .     SeeInvis +   a - +0 short sword
rCold    . . .     Gourm    .   (shield restricted)
rNeg     . . .     Faith    .   b - +0 robe
rPois    .         Spirit   .   (helmet restricted)
rElec    .         Reflect  .   (no cloak)
rCorr    .         Harm     .   (gloves unavailable)
MR       .....                  (boots unavailable)
Stlth    ++........             (no amulet)
HPRegen  0.03/turn              (no ring)
MPRegen  0.09/turn              (no ring)

@: very quick
A: very small, unfitting armour, see invisible, herbivore, speed 3, slow
metabolism 2
a: no special abilities


You were on level 1 of the Dungeon.
You were not hungry.

You visited 1 branch of the dungeon, and saw 1 of its levels.

You collected 21 gold pieces.

Inventory:

Hand Weapons
 a - a +0 short sword (weapon)
Armour
 b - a +0 robe (worn)
Wands
 c - a wand of flame (15)
 d - a wand of enslavement (15)
 e - a wand of random effects (15)
Scrolls
 g - a scroll of teleportation {unknown}
Comestibles
 f - a ration


   Skills:
 + Level 0.8 Fighting
 * Level 1.2 Short Blades
 - Level 3.0 Dodging
 - Level 1.6 Stealth
 - Level 4.0 Evocations


You couldn't memorise any spells.
You didn't know any spells.

Dungeon Overview and Level Annotations

Branches:
Dungeon (1/15)

Altars:


Innate Abilities, Weirdness & Mutations

You are very small and have problems with some larger weapons.
You are too small for most types of armour.
You have supernaturally acute eyesight. (SInv)
You are a herbivore.
You cover ground extremely quickly.
You need consume almost no food.


Message History

The bat barely misses you. The bat hits you.
* * * LOW HITPOINT WARNING * * *
The rat bites you but does no damage. The bat hits you but does no damage.
The rat barely misses you. The bat closely misses you. The rat misses you.
The bat hits you but does no damage. The rat closely misses you.
The bat misses you. The rat closely misses you. The rat completely misses you.
The bat closely misses you. The bat barely misses you.
The rat closely misses you. The bat hits you but does no damage.
The rat completely misses you. The bat misses you. The rat closely misses you.
The bat barely misses you. The rat barely misses you.
The bat closely misses you. The rat misses you. The bat barely misses you.
The rat completely misses you. The bat closely misses you.
The rat barely misses you. The bat hits you.
* * * LOW HITPOINT WARNING * * *
The bat misses you. The rat misses you. The bat completely misses you.
The rat bites you.
You die...

..# #......# ....
..# ......####.##
..###+##.........#
##...............#
..........)......#
##......#######'##
#......#######'####
#......##>........#
#..)...##......@..#
#......##.....br..#
#......##.........#
#########.........#
#..........
#......$..##
#.........#
#......[...


You could see a bat and a rat.

Vanquished Creatures
  A hobgoblin (D:1)
  A kobold (D:1)
2 creatures vanquished.

Notes
Turn   | Place    | Note
-------+----------+-------------------------------------------
     0 | D:1      | ciphuk the Spriggan Artificer began the quest for the Orb.
     0 | D:1      | Reached XP level 1. HP: 9/9 MP: 4/4
   415 | D:1      | Slain by a rat

Vault maps used:
D:1:      dpeg_arrival_rhombi

Action                   || total
-------------------------++-------
Melee: Short sword       ||     9
Armor: Robe              ||    10
Dodge: Dodged            ||    50

Table legend:
 A = Spawn XP
 B = Non-spawn XP
 C = Spawn XP percentage of total XP
 D = Spawn monster count
 E = Non-spawn monster count
 F = Spawn count percentage of total count
 G = Total turns spent on level
                    A         B        C        D         E        F      G
               +---------+---------+-------+---------+---------+-------+---------
         Total |       0 |       3 |   0.0 |       0 |       2 |   0.0 |   415
               +---------+---------+-------+---------+---------+-------+---------
           D:1 |       0 |       3 |   0.0 |       0 |       2 |   0.0 |   415
               +---------+---------+-------+---------+---------+-------+---------
